 Dungeon Crawl Stone Soup version 0.31-a0-133-gaae73658be (webtiles) character file.

Game seed: 16082741169107876332

34 bisquet the Chopper (level 3, -3/34 HPs)
             Began as a Hill Orc Cinder Acolyte on June 2, 2023.
             Was a High Priest of Ignis.
             Slain by a kobold
             ... wielding a +0 short sword of electrocution
              (17 damage)
             ... on level 2 of the Dungeon.
             The game lasted 00:06:21 (557 turns).

bisquet the Chopper (Hill Orc Cinder Acolyte)        Turns: 557, Time: 00:06:24

Health: -3/34      AC:  6    Str: 18    XL:     3   Next: 31%
Magic:  4/4        EV: 10    Int: 14    God:    Ignis [*****.]
Gold:   78         SH:  0    Dex:  6    Spells: 4/4 levels left

rFire   . . .        a - -1 hand axe (flame)
rCold   + . .        (no shield)
rNeg    . . .        h - +0 ring mail
rPois   .            (no helmet)
rElec   .            (no cloak)
rCorr   .            k - +0 pair of gloves
SInv    .            (no boots)
Will    .....        (no amulet) Stlth
                     d - ring of ice
HPRegen 0.25/turn    (no ring)
MPRegen 0.09/turn

%: no passive effects
@: lethally poisoned (-3 -> -4)
A: no striking features
a: Renounce Religion, Fiery Armour, Foxfire Swarm, Rising Flame


You were on level 2 of the Dungeon.
You worshipped Ignis.
Ignis was extremely pleased with you.
You visited 1 branch of the dungeon, and saw 2 of its levels.

You collected 78 gold pieces.

Inventory:

Hand Weapons
 a - a -1 hand axe of flaming (weapon)
Armour
 b - a +0 robe
 h - a +0 ring mail (worn)
 k - a +0 pair of gloves (worn)
Jewellery
 d - a ring of ice (left hand)
Scrolls
 c - a scroll of fog {unknown}
 e - a scroll of vulnerability {unknown}
 f - a scroll of butterflies {unknown}
 g - a scroll of teleportation {unknown}
 i - a scroll of magic mapping {unknown}
Potions
 j - a potion of mutation {unknown}


   Skills:
 + Level 4.3 Fighting
 + Level 4.7 Axes
 + Level 0.1 Armour
 + Level 0.1 Dodging
 + Level 1.0 Spellcasting
 + Level 3.6 Fire Magic


You had 4 spell levels left.
You didn't know any spells.
Your spell library contained the following spells:

 Spells                   Type           Power      Damage    Failure   Level
 Scorch                   Fire           20%        2d5       16%         2


Dungeon Overview and Level Annotations

Branches:
Dungeon (2/15)

Altars:

Shops:
D:1 =


Message History

You closely miss the adder. You hit the quokka. You burn the quokka.
You kill the quokka!
You hit the kobold but do no damage.
You feel sick. The bat hits you but does no damage.
The kobold hits you but does no damage. The adder bites you.
You are more poisoned.
The adder poisons you!
You have reached level 3!
Your experience leads to an increase in your attributes!
Increase (S)trength, (I)ntelligence, or (D)exterity?
You feel stronger. x2
You hit the adder. You burn the adder.
The adder is almost dead.
You barely miss the kobold.
You feel sick. The bat hits you but does no damage.
The adder closely misses you. The bat closely misses you.
The kobold closely misses you.
You barely miss the bat.
The bat is severely wounded.
You barely miss the kobold. You hit the adder. You burn the adder.
You kill the adder!
You feel sick. The bat hits you but does no damage.
The kobold hits you but does no damage.
You hit the kobold. You burn the kobold.
The kobold is heavily wounded.
You feel sick. The bat closely misses you.
The kobold hits you with a +0 short sword of electrocution.
You barely miss the kobold.
The kobold is heavily wounded.
You feel sick. The bat misses you.
The kobold hits you with a +0 short sword of electrocution.
You hit the bat. You burn the bat.
You kill the bat!
You barely miss the kobold.
You feel sick. The kobold barely misses you.
You hit the kobold but do no damage.
The kobold is heavily wounded.
You feel sick.
The kobold hits you with a +0 short sword of electrocution.
You are electrocuted!
Ouch! That really hurt!
You die...

#. .# #.# .### .
#.##... ..
###.....##.#
#....$.....#
##......$...#
#...........#
####..†)K<.....#
.......@†....>[#
.............?.#
...............#
...............#
...............#
...............#
.....###########
#####


You could see a kobold.

Vanquished Creatures
  An adder (D:2)
  2 bats
  2 endoplasms (D:1)
  5 goblins
  2 hobgoblins (D:1)
  3 kobolds (D:1)
  A quokka (D:2)
  4 ball pythons
  2 rats (D:1)
22 creatures vanquished.

Notes
Turn   | Place    | Note
-------+----------+-------------------------------------------
     0 | D:1      | bisquet the Hill Orc Cinder Acolyte began the quest for the
                  | Orb.
     0 | D:1      | Reached XP level 1. HP: 19/19 MP: 2/2
   138 | D:1      | Found Rugepych's Jewellery Shoppe.
   189 | D:1      | Reached XP level 2. HP: 21/27 MP: 3/3
   272 | D:1      | Found a faded altar of an unknown god.
   552 | D:2      | Reached XP level 3. HP: 25/33 MP: 4/4
   557 | D:2      | Slain by a kobold

Illustrated notes

Levels and vault maps discovered:
D:1:      saegor_arrival_simple_d, layout_basic,
          hellmonk_ecumenical_altar_zigzags, serial_shops, shop
D:2:      layout_rooms, basic_altar, serial_shops, shop, shop

Skill      XL: |  1 |
---------------+----+-----
Fighting       | 4 |  4.3
Axes           | |  4.7
Armour         | |  0.1
Dodging        | |  0.1
Spellcasting   | |  1.0
Fire Magic     | |  3.6

Action                     || total
---------------------------++-------
  Melee: Hand axe          ||    74
 Armour: Robe              ||     7
         Ring mail         ||    22
  Dodge: Dodged            ||    39

Table legend: (Time is in decaauts)
 A = Elapsed time spent in this place.
 B = Non-inter-level travel time spent in this place.
 C = Inter-level travel time spent in this place.
 D = Time resting spent in this place.
 E = Time spent auto-exploring this place.
 F = Levels seen in this place.
 G = Mean time per level.
                   A        B        C        D        E       F      G
               +--------+--------+--------+--------+--------+-----+--------+
         Total |    562 |    243 |    319 |     54 |      0 |   2 |  281.0 |
       Dungeon |    562 |    243 |    319 |     54 |      0 |   2 |  281.0 |
               +--------+--------+--------+--------+--------+-----+--------+

Top non-repeatable levels by time:
     D:1: 547 daAuts
     D:2: 15 daAuts
